[ AOE2 MATCH · #482532652 ]
UnrankedVietnamese vs Khmer
Player's team · LOSS
Rival team · WIN
[ REPLAY ANALYSIS · EXTRACTED FROM THE RECORDED GAME ]
Feudal
11:54
Castle
15:31
Imperial
—
| APM avg | 28.7 |
| APM peak | 81 |
| eAPM avg | 10.3 |
| Villagers / military | 52 / 18 |
Focus
⚔️ 19.4% · 🌾 80.6%
Fire Lancer ×17 · Spearman ×1 · Unknown (1105) ×1
Feudal
10:06
Castle
14:51
Imperial
—
| APM avg | 33.7 |
| APM peak | 75 |
| eAPM avg | 13.5 |
| Villagers / military | 57 / 8 |
Focus
⚔️ 13.7% · 🌾 86.3%
Monk ×3 · Scorpion ×2 · Scout Cavalry ×2 · Mangonel ×1
Match map
Initial resources + every placement click. Lines = walls · curves = elevation contours. ◆ gold · ⬟ stone · ● berries · ✦ relic · ◌ wall gap
Your base· ✓ Closed at 15:31 · 0t walls · 2 gate(s)
專業躺分仔's base· ✓ Closed at 14:51 · 0t walls · 3 gate(s)
Smoothed initial terrain · ◌ = detected wall gap · hover for details
Inputs per minute
— CroBro - - 專業躺分仔
Build order — CroBro
110 actions detected in the replay
| 0:01 | Create | Villager (Male) |
| 0:01 | Create | Villager (Male) |
| 0:01 | Create | Villager (Male) |
| 0:03 | Build | House |
| 0:04 | Build | House |
| 0:35 | Create | Villager (Male) |
| 0:35 | Create | Villager (Male) |
| 1:48 | Build | Lumber Camp |
| 2:11 | Create | Villager (Male) |
| 2:12 | Create | Villager (Male) |
| 2:12 | Create | Villager (Male) |
| 2:54 | Create | Villager (Male) |
| 2:55 | Create | Villager (Male) |
| 2:55 | Create | Villager (Male) |
| 2:55 | Create | Villager (Male) |
| 3:20 | Create | Villager (Male) |
| 3:20 | Create | Villager (Male) |
| 4:00 | Create | Villager (Male) |
| 4:00 | Create | Villager (Male) |
| 4:16 | Build | House |
| 5:28 | Build | Mill |
| 5:34 | Create | Villager (Male) |
| 5:34 | Create | Villager (Male) |
| 5:34 | Create | Villager (Male) |
| 5:34 | Create | Villager (Male) |
| 5:34 | Create | Villager (Male) |
| 6:15 | Create | Villager (Male) |
| 7:24 | Create | Villager (Male) |
| 7:28 | Build | House |
| 8:14 | Create | Villager (Male) |
| 8:14 | Create | Villager (Male) |
| 8:14 | Create | Villager (Male) |
| 9:03 | Build | Mining Camp |
| 9:43 | Research | Feudal Age |
| 11:51 | Create | Villager (Male) |
| 11:51 | Create | Villager (Male) |
| 11:54 | Age | Feudal Age |
| 11:58 | Build | Market |
| 12:03 | Build | Blacksmith |
| 12:32 | Build | House |
| 12:51 | Research | Castle Age |
| 13:09 | Build | Barracks |
| 13:12 | Build | House |
| 13:17 | Build | House |
| 13:27 | Build | Farm |
| 13:34 | Research | Double-Bit Axe |
| 14:00 | Build | Farm |
| 14:08 | Research | Loom |
| 14:30 | Build | Lumber Camp |
| 14:32 | Create | Villager (Male) |
| 14:32 | Create | Villager (Male) |
| 14:37 | Research | Horse Collar |
| 14:45 | Research | Gold Mining |
| 15:04 | Build | Farm |
| 15:08 | Build | Farm |
| 15:24 | Build | Farm |
| 15:29 | Build | Farm |
| 15:31 | Age | Castle Age |
| 15:36 | Create | Fire Lancer |
| 15:36 | Create | Fire Lancer |
| 15:40 | Create | Fire Lancer |
| 15:46 | Build | Siege Workshop |
| 16:00 | Create | Villager (Male) |
| 16:11 | Create | Spearman |
| 16:25 | Build | Farm |
| 16:31 | Create | Unit 1105 |
| 16:45 | Create | Fire Lancer |
| 16:48 | Create | Villager (Male) |
| 16:48 | Create | Villager (Male) |
| 17:03 | Build | Farm |
| 17:07 | Build | Farm |
| 17:17 | Build | Barracks |
| 17:19 | Create | Villager (Male) |
| 17:19 | Create | Villager (Male) |
| 17:28 | Build | Farm |
| 17:53 | Create | Villager (Male) |
| 18:05 | Create | Fire Lancer |
| 18:05 | Create | Fire Lancer |
| 18:27 | Research | Squires |
| 18:28 | Create | Fire Lancer |
| 18:33 | Build | Farm |
| 18:37 | Create | Fire Lancer |
| 18:38 | Create | Fire Lancer |
| 18:55 | Create | Villager (Male) |
| 18:56 | Create | Villager (Male) |
| 19:07 | Create | Villager (Male) |
| 19:13 | Create | Villager (Male) |
| 19:26 | Build | House |
| 19:27 | Build | House |
| 19:29 | Build | House |
| 19:44 | Create | Villager (Male) |
| 19:44 | Create | Villager (Male) |
| 20:00 | Create | Villager (Male) |
| 20:04 | Create | Fire Lancer |
| 20:04 | Create | Fire Lancer |
| 20:40 | Create | Villager (Male) |
| 20:40 | Create | Villager (Male) |
| 20:52 | Create | Villager (Male) |
| 20:52 | Create | Villager (Male) |
| 21:00 | Create | Fire Lancer |
| 21:00 | Create | Fire Lancer |
| 21:18 | Create | Villager (Male) |
| 21:18 | Create | Villager (Male) |
| 21:26 | Create | Fire Lancer |
| 21:26 | Create | Fire Lancer |
| 21:40 | Create | Villager (Male) |
| 21:58 | Create | Villager (Male) |
| 21:58 | Create | Villager (Male) |
| 22:02 | Create | Fire Lancer |
| 22:02 | Create | Fire Lancer |
Build order — 專業躺分仔
118 actions detected in the replay
| 0:00 | Create | Villager (Male) |
| 0:01 | Create | Villager (Male) |
| 0:01 | Create | Villager (Male) |
| 0:01 | Create | Villager (Male) |
| 0:02 | Build | House |
| 0:04 | Build | House |
| 1:28 | Create | Villager (Male) |
| 2:02 | Create | Villager (Male) |
| 2:17 | Create | Villager (Male) |
| 2:49 | Create | Villager (Male) |
| 2:56 | Create | Villager (Male) |
| 3:17 | Create | Villager (Male) |
| 3:29 | Build | House |
| 3:30 | Build | House |
| 4:02 | Create | Villager (Male) |
| 4:03 | Create | Villager (Male) |
| 4:03 | Create | Villager (Male) |
| 4:08 | Build | Lumber Camp |
| 4:26 | Create | Villager (Male) |
| 4:36 | Create | Villager (Male) |
| 5:07 | Create | Villager (Male) |
| 5:32 | Create | Villager (Male) |
| 6:18 | Create | Villager (Male) |
| 6:22 | Build | Mill |
| 7:07 | Create | Villager (Male) |
| 7:38 | Build | Mining Camp |
| 7:42 | Research | Feudal Age |
| 8:02 | Create | Villager (Male) |
| 9:12 | Build | Farm |
| 9:12 | Build | Farm |
| 9:28 | Build | House |
| 9:47 | Create | Villager (Male) |
| 10:06 | Age | Feudal Age |
| 10:06 | Research | Double-Bit Axe |
| 10:34 | Build | Farm |
| 10:45 | Build | Farm |
| 10:47 | Create | Villager (Male) |
| 11:07 | Build | Farm |
| 11:21 | Create | Villager (Male) |
| 11:34 | Build | Farm |
| 11:42 | Create | Villager (Male) |
| 11:47 | Build | Lumber Camp |
| 12:09 | Research | Castle Age |
| 12:14 | Build | Farm |
| 12:25 | Research | Horse Collar |
| 12:35 | Build | House |
| 12:56 | Create | Villager (Male) |
| 13:11 | Build | Stable |
| 13:36 | Research | Gold Mining |
| 13:37 | Research | Gold Mining |
| 14:04 | Create | Villager (Male) |
| 14:44 | Create | Scout Cavalry |
| 14:44 | Create | Scout Cavalry |
| 14:46 | Create | Villager (Male) |
| 14:51 | Age | Castle Age |
| 14:59 | Build | Monastery |
| 15:16 | Build | Town Center |
| 15:17 | Create | Villager (Male) |
| 15:25 | Create | Villager (Male) |
| 15:51 | Build | Farm |
| 15:56 | Build | Farm |
| 15:56 | Create | Villager (Male) |
| 16:01 | Create | Monk |
| 16:09 | Create | Villager (Male) |
| 16:15 | Build | Farm |
| 16:19 | Build | Farm |
| 16:26 | Build | House |
| 16:28 | Build | House |
| 16:30 | Research | Wheelbarrow |
| 16:37 | Research | Wheelbarrow |
| 16:38 | Create | Villager (Male) |
| 16:52 | Build | Farm |
| 16:53 | Create | Villager (Male) |
| 16:54 | Create | Monk |
| 16:59 | Create | Monk |
| 17:07 | Build | Farm |
| 17:22 | Build | Town Center |
| 17:30 | Create | Villager (Male) |
| 17:39 | Create | Villager (Male) |
| 17:51 | Create | Villager (Male) |
| 18:05 | Create | Villager (Male) |
| 18:21 | Build | Farm |
| 18:25 | Create | Villager (Male) |
| 18:55 | Create | Villager (Male) |
| 19:03 | Build | Siege Workshop |
| 19:04 | Create | Villager (Male) |
| 19:12 | Create | Villager (Male) |
| 19:27 | Create | Villager (Male) |
| 19:29 | Build | Farm |
| 19:31 | Create | Villager (Male) |
| 19:37 | Build | Farm |
| 19:42 | Create | Villager (Male) |
| 19:50 | Build | House |
| 19:51 | Build | House |
| 19:56 | Create | Mangonel |
| 19:59 | Create | Scorpion |
| 19:59 | Create | Scorpion |
| 20:00 | Create | Villager (Male) |
| 20:11 | Create | Villager (Male) |
| 20:13 | Create | Villager (Male) |
| 20:17 | Research | Loom |
| 20:58 | Research | Hand Cart |
| 20:58 | Research | Hand Cart |
| 21:06 | Create | Villager (Male) |
| 21:32 | Create | Villager (Male) |
| 21:33 | Create | Villager (Male) |
| 21:45 | Build | Farm |
| 21:45 | Create | Villager (Male) |
| 21:57 | Create | Villager (Male) |
| 22:04 | Create | Villager (Male) |
| 22:05 | Create | Villager (Male) |
| 22:16 | Build | Farm |
| 22:16 | Build | Farm |
| 22:17 | Build | Farm |
| 22:17 | Build | Farm |
| 22:18 | Create | Villager (Male) |
| 22:20 | Create | Villager (Male) |
| 22:22 | Create | Villager (Male) |
Match timeline
| 10:06 | 專業躺分仔 · age_up feudal |
| 11:54 | CroBro · age_up feudal |
| 13:09 | CroBro · first_building Barracks |
| 13:11 | 專業躺分仔 · first_building Stable |
| 14:51 | 專業躺分仔 · age_up castle |
| 14:59 | 專業躺分仔 · first_building Monastery |
| 15:31 | CroBro · age_up castle |
| 15:46 | CroBro · first_building Siege Workshop |
| 19:03 | 專業躺分仔 · first_building Siege Workshop |
| 22:40 | CroBro · resign |
[ AI ANALYSIS · 1 CREDIT ]
What really happened in this match?
Wolo.gg analyzes every decision: build order, eco, micro, common mistakes by bracket. Personalized analysis on WhatsApp or Discord in 30 seconds.
Civ guide
Vietnamese
Perfil
Jugador #596178